Map: Ever Dream LE

Players

SpacePimp - Winner!

  • Race: Zerg Zerg
  • League: Gold
  • Spawn Location: 7:00

Zeep

  • Race: Protoss Protoss
  • Spawn Location: 1:00

VOD

Have the link to the VOD?

Description

Time

  • Played on: May 23, 2020, 8:12 p.m.
  • Length: 13:05
Show
View Real Time Build Order
Export as new Build Order

SpacePimp Zerg - Winner!

Build Orders: Hatch First 

Get SALT Encoding   

  12  0:01  Drone  
  13  0:12  Overlord  
  13  0:38  Hatchery  
  12  0:44  Drone  
  12  0:46  Drone  
  14  0:52  Drone  
  14  0:55  Drone  
  16  1:06  Drone  
  17  1:15  Spawning Pool  
  17  1:17  Drone  
  17  1:21  Extractor  
  16  1:27  Drone  
  17  1:38  Drone  
  18  1:41  Extractor  
  17  1:56  Drone x2  
  19  2:02  Queen  
  19  2:06  Queen  
  23  2:10  Overlord  
  23  2:11  Drone  
  23  2:15  Drone  
  25  2:26  Drone x2  
  25  2:28  Drone  
  28  2:36  Overlord  
  28  2:42  Drone  
  29  2:55  Metabolic Boost  
  29  2:57  Lair  
  29  3:03  Evolution Chamber  
  28  3:06  Drone  
  28  3:07  Drone  
  28  3:10  Drone  
  31  3:18  Drone x2  
  33  3:27  Overlord x2  
  33  3:31  Zergling x2  
  33  3:33  Zergling x2  
  35  3:36  Zergling x2  
  35  3:38  Zergling x2  
  37  3:41  Zergling x2  
  37  3:53  Pneumatized Carapace  
  37  3:54  Drone  
  37  3:55  Drone  
  39  4:04  Drone  
  39  4:05  Drone x2  
  42  4:14  Spire  
  42  4:16  Drone, Evolution Chamber  
  41  4:20  Drone  
  40  4:41  Drone x5  
  45  4:46  Extractor  
  45  4:49  Extractor  
  45  4:50  Overlord  
  43  5:01  Overlord x2  
  43  5:06  Zerg Melee Weapons Level 1  
  43  5:10  Zerg Ground Armor Level 1  
  43  5:12  Hatchery  
  42  5:23  Roach Warren  
  42  5:27  Drone x4  
  45  5:46  Drone x3  
  45  5:47  Drone  
  46  6:10  Spine Crawler  
  45  6:13  Spine Crawler  
  45  6:15  Spine Crawler  
  45  6:16  Spine Crawler  
  42  6:19  Mutalisk x6, Spine Crawler  
  42  6:21  Zergling x4  
  42  6:22  Zergling x8  
  59  6:26  Drone  
  53  6:54  Drone x3  
  53  6:55  Drone x2  
  58  7:02  Drone  
  59  7:10  Drone x3  
  59  7:12  Queen  
  64  7:23  Zerg Melee Weapons Level 2  
  64  7:25  Zerg Ground Armor Level 2  
  64  7:27  Glial Reconstitution  
  64  7:33  Roach x6  
  64  7:34  Roach  
  78  7:39  Extractor  
  78  7:42  Extractor  
  76  7:44  Queen  
  76  7:47  Queen  
  80  7:52  Hatchery  
  79  7:59  Drone x3  
  79  8:00  Drone x4  
  86  8:33  Infestation Pit  
  85  8:36  Drone x3  
  85  8:39  Drone x2  
  85  8:41  Overlord x6  
  90  9:03  Roach x3  
  90  9:04  Roach x5  
  105  9:19  Zergling x2  
  105  9:20  Mutalisk x2, Zergling x6  
  105  9:21  Zergling x2  
  114  9:45  Overseer  
  114  9:49  Overseer  
  114  9:52  Drone x3  
  117  9:57  Overlord x2  
  117  10:00  Mutalisk x10  
  117  10:03  Hive  
  117  10:04  Hatchery  
  117  10:05  Zerg Flyer Weapons Level 1  
  136  10:07  Zerg Missile Weapons Level 1  
  136  10:24  Drone x2  
  138  10:36  Drone x2  
  138  10:37  Drone  
  141  10:52  Overlord x5  
  139  11:23  Mutalisk  
  139  11:24  Mutalisk x3  
  139  11:25  Mutalisk x10  
  161  11:27  Zergling x2  
  161  11:28  Zergling x4  
  170  11:36  Drone x2  
  170  11:37  Drone x6  
  178  11:55  Drone x4  
  178  11:56  Drone x4  
  186  12:10  Overseer  
  177  12:43  Zergling x2  
  177  12:44  Zergling x26  
Show
View Real Time Build Order
Export as new Build Order

Zeep Protoss 

Build Orders:  

Get SALT Encoding   

  12  0:01  Probe  
  13  0:13  Probe  
  14  0:20  Pylon  
  15  0:31  Probe  
  15  0:36  Pylon  
  15  0:48  Gateway, Probe (Chrono Boost)  
  16  1:01  Probe (Chrono Boost)  
  17  1:05  Gateway  
  17  1:09  Assimilator  
  17  1:14  Probe  
  18  1:27  Probe  
  19  1:39  Probe  
  20  1:44  Cybernetics Core  
  20  1:51  Probe  
  20  1:53  Assimilator  
  21  1:54  Zealot  
  21  1:56  Zealot  
  25  2:03  Probe  
  26  2:15  Probe  
  27  2:17  Warp Gate (Chrono Boost)  
  27  2:27  Probe  
  28  2:39  Probe, Nexus  
  29  2:46  Twilight Council  
  29  2:51  Probe  
  29  3:00  Adept  
  31  3:11  Pylon  
  31  3:21  Resonating Glaives (Chrono Boost)  
  31  3:25  Pylon  
  31  3:29  Adept, Probe  
  35  3:41  Probe  
  35  3:53  Probe (Chrono Boost)  
  36  3:59  Sentry  
  39  4:11  Probe (Chrono Boost)  
  39  4:15  Adept  
  41  4:18  Probe (Chrono Boost)  
  38  4:44  Zealot x2  
  42  4:50  Probe  
  42  4:51  Probe, Charge (Chrono Boost)  
  44  4:53  Pylon  
  44  5:01  Pylon  
  44  5:03  Probe x2  
  46  5:10  Adept x2  
  50  5:15  Probe  
  50  5:16  Forge  
  51  5:24  Gateway  
  51  5:25  Gateway  
  51  5:27  Gateway, Probe (Chrono Boost)  
  51  5:28  Assimilator  
  53  5:33  Probe (Chrono Boost)  
  53  5:41  Probe (Chrono Boost)  
  54  5:45  Adept x2  
  58  5:59  Probe x2  
  60  6:07  Assimilator  
  60  6:11  Probe  
  61  6:17  Stalker x2  
  65  6:27  Pylon  
  65  6:28  Pylon  
  65  6:29  Photon Cannon  
  65  6:32  Photon Cannon  
  65  6:33  Shield Battery  
  43  7:17  Stalker x3  
  43  7:21  Protoss Ground Weapons Level 1  
  49  7:24  Stalker x2  
  53  7:33  Probe  
  54  7:42  Stalker x3  
  60  7:45  Probe  
  61  7:59  Pylon  
  61  8:01  Stalker x2  
  61  8:02  Pylon  
  65  8:08  Blink (Chrono Boost)  
  65  8:25  Stalker x2  
  65  8:26  Photon Cannon  
  69  8:29  Photon Cannon  
  69  8:30  Shield Battery  
  69  8:36  Stalker x3  
  75  8:43  Robotics Facility  
  75  8:48  Pylon  
  75  8:58  Gateway  
  75  9:00  Gateway  
  75  9:02  Gateway  
  75  9:04  Gateway, Stalker x2  
  75  9:05  Stalker x3  
  85  9:32  Observer (Chrono Boost)  
  85  9:38  Probe x2  
  88  9:47  Observer (Chrono Boost)  
  88  9:50  Probe x2  
  91  9:53  Stalker  
  91  9:54  Nexus  
  91  9:55  Pylon  
  91  9:59  Stalker  
  95  10:02  Probe  
  96  10:11  Stalker x2  
  100  10:31  Probe x2  
  100  10:34  Stalker x2  
  100  10:35  Stalker  
  108  10:43  Probe x2  
  90  11:16  Probe (Chrono Boost)  
  93  11:21  Probe (Chrono Boost)  
  93  11:22  Probe (Chrono Boost)  
  93  11:24  Stalker x4  
  93  11:25  Stalker x3  
  106  11:29  Probe x2 (Chrono Boost)  
  108  11:40  Immortal  
  112  11:50  Pylon  
  112  11:53  Probe  
  113  11:54  Photon Cannon  
  113  11:56  Photon Cannon  
  113  11:58  Shield Battery  
  113  11:59  Zealot  
  113  12:00  Zealot  
  117  12:19  Templar Archives  
  117  12:20  Stalker x3  
  62  12:56  Stalker  
  62  12:57  Stalker x4  
  62  12:58  Stalker x3  
Tags
 
League
Gold
Matchup
PvZ
Spawn Locations
Cross Positions
Add a new tag
Caveats
  • Supply blocks, unpowered buildings, or Contaminate may cause inaccurate times.
  • Supply counts are checked every 10 seconds.